 Dungeon Crawl Stone Soup version 0.27.0-66-gdc8fb28755 (webtiles) character file.

Game seed: 16271063124038368647

43 Malachi the Caller (level 3, -4/46 HPs)
             Began as a Troll Summoner on Aug 20, 2021.
             Slain by Sigmund (9 damage)
             ... on level 2 of the Dungeon.
             The game lasted 00:02:13 (757 turns).

Malachi the Caller (Troll Summoner)                  Turns: 757, Time: 00:02:13

Health: -4/46      AC:  4    Str: 14 (16) XL:     3   Next: 37%
Magic:  3/3        EV:  9    Int:  9 (12) God:
Gold:   69         SH:  0    Dex:  9 (10) Spells: 3/4 levels left

rFire    . . .     SeeInvis .     - Unarmed
rCold    . . .     Faith    .   (no shield)
rNeg     . . .     Spirit   .   a - +0 robe
rPois    .         Reflect  .   (helmet restricted)
rElec    .         Harm     .   (no cloak)
rCorr    .         Rampage  .   (gloves unavailable)
Will     .....                  (boots unavailable)
Stlth    ..........             (no amulet)
HPRegen  1.15/turn              (no ring)
MPRegen  0.08/turn              (no ring)

@: berserking, lethally poisoned (-4 -> -20), hasted, very quick
A: large, unfitting armour, claws 3, regeneration 1, shaggy fur 1, tough skin 1
a: no special abilities


You were on level 2 of the Dungeon.
You visited 1 branch of the dungeon, and saw 2 of its levels.

You collected 69 gold pieces.

Inventory:

Armour
 a - a +0 robe (worn)
Jewellery
 g - a ring of ice


   Skills:
 - Level 1.5 Dodging
 - Level 1.0 Stealth
 * Level 3.0 Unarmed Combat
 - Level 1.2 Spellcasting
 - Level 3.0 Summonings


You had 3 spell levels left.
You knew the following spells:

 Your Spells              Type           Power      Damage    Failure   Level
a - Summon Small Mammal   Summ           20%        N/A       11%         1

Your spell library contained the following spells:

 Spells                   Type           Power      Damage    Failure   Level
 Call Imp                 Summ           5%         N/A       16%         2
 Call Canine Familiar     Summ           5%         N/A       32%         3
 Sting                    Tmut/Pois      0%         1d3       36%         1
 Summon Guardian Golem    Hex/Summ       3%         N/A       52%         3
 Summon Lightning Spire   Summ/Air       3%         N/A       89%         4
 Silence                  Hex/Air        0%         N/A       100%        5
 Statue Form              Tmut/Erth      0%         N/A       100%        6
 Dragon Form              Tmut           0%         N/A       100%        7
 Orb of Destruction       Conj           0%         N/A       100%        7
 Spellforged Servitor     Conj/Summ      1%         N/A       100%        7


Dungeon Overview and Level Annotations

Branches:
Dungeon (2/15)

Altars:

Annotations:
D:2 Sigmund


Innate Abilities, Weirdness & Mutations

You are too large for most types of armour.
You have claws for hands.
Your natural rate of healing is unusually fast.
You are covered in fur. (AC +1)
You have tough skin. (AC +1)


Message History

You barely miss Sigmund.
Sigmund is moderately wounded.
You feel sick. The ball python barely misses you.
The kobold hits you but does no damage.
You are more poisoned.
Sigmund closely misses you.
Unknown command.
You completely miss the kobold.
You feel very sick. The ball python barely misses you.
Sigmund barely misses you. The kobold hits you but does no damage.
You are lethally poisoned!
Unknown command.
You are too injured to fight recklessly!
You are too injured to fight recklessly!
You are too injured to fight recklessly!
You are too injured to fight recklessly!
Unknown command.
You barely miss Sigmund. You claw Sigmund!
Sigmund is heavily wounded.
* * * LOW HITPOINT WARNING * * *
You feel very sick. The ball python barely misses you.
You miss Sigmund.
Sigmund is heavily wounded.
You feel less confused.
* * * LOW HITPOINT WARNING * * *
You feel very sick. The kobold hits you but does no damage.
You are more poisoned.
Sigmund says, "Look into my eyes."
Sigmund mumbles some strange words.
Sigmund flickers and vanishes!
Deactivating autopickup; reactivate with Ctrl-A.
You closely miss something.
* * * LOW HITPOINT WARNING * * *
You feel very sick.
The ball python bites you but does no damage.
The kobold closely misses you. Something hits you!
You die...

....>...###
#.#.......8
#.#........
#.#........
######.#.♣..∩..♣
.......#........
#.....<......[.
#.#####.♣..∩..∩
#@S......
#{K......
#.∩.$♣..∩
#........
#........
#.♣......
#.#....#.
..###.[#


You could see a ball python and a kobold.

Vanquished Creatures
  2 dart slugs (D:1)
  2 bats (D:1)
  5 endoplasms (D:1)
  3 giant cockroaches (D:1)
  4 goblins (D:1)
  2 hobgoblins (D:1)
  6 jackals (D:1)
  4 ball pythons (D:1)
  2 frilled lizards (D:1)
  A kobold (D:1)
  3 rats (D:1)
34 creatures vanquished.

Notes
Turn   | Place    | Note
-------+----------+-------------------------------------------
     0 | D:1      | Malachi the Troll Summoner began the quest for the Orb.
     0 | D:1      | Reached XP level 1. HP: 16/16 MP: 1/1
    99 | D:1      | Reached skill level 1 in Unarmed Combat
   165 | D:1      | Reached XP level 2. HP: 24/24 MP: 2/2
   186 | D:1      | Got Desyetia's Handbook of Gliding Changing
   390 | D:1      | Reached XP level 3. HP: 31/31 MP: 3/3
   739 | D:2      | Noticed Sigmund
   757 | D:2      | Slain by Sigmund

Illustrated notes

Levels and vault maps discovered:
D:1:      minmay_arrival_nine_rooms, layout_basic
D:2:      minmay_recursive_quarters, layout_loops_ring,
          hellmonk_ecumenical_altar_arch_garden, basic_altar, uniq_sigmund

Skill      XL: |  1  2  3 |
---------------+----------+-----
Summonings     | 3 |  3.0
Unarmed Combat | 1 2 3 |  3.0
Dodging        | |  1.5
Stealth        | |  1.0
Spellcasting   | |  1.2

Action                   || total
-------------------------++-------
Melee: Unarmed           ||    84
       Punch             ||     1
  Use: Potion            ||     6
       Scroll            ||     1
 Stab: Sleeping          ||     2
Armor: Robe              ||    34
Dodge: Dodged            ||    40
